AoeStats
← _LY_抖音肥龙

Golden Pit

503610487Analyzed
1v1 RM · 1mo ago on Sep 1, 2026· 30m 40s· 2 players
Game mode
Random Map
Map size
Tiny (2 player)
Population
200
Speed
Normal
Resources
Standard
Victory
Conquest
Starting age
Dark Age
Ending age
Imperial Age
RankedLock teamsTeams togetherTeam positionsShared explorationLock speedFull tech treeHidden civsTurbo modeCheats
Victory
Defeat
🇭🇰 Sicilians · Hong Kong SAR China
2822
+1
🇩🇪 Burmese · Germany
2107
-1
_LY_抖音肥龙
8:29 Feudal Age
8:57 Double-Bit Axe
8:52 Horse Collar
9:12 Loom
21:36 Castle Age
20:05 Fletching
20:57 Scale Mail Armor
22:49 Wheelbarrow
22:29 Bow Saw
22:16 Bodkin Arrow
23:25 Heavy Plow
25:05 Town Watch
28:27 Hand Cart
QuEnDi.kelar
6:18 Loom
8:44 Feudal Age
11:36 Horse Collar
16:38 Fletching
22:44 Castle Age
Connection lost

Rejoining the realm…

Still unreachable

The connection could not be restored.

Session expired

The server has moved on; the page needs a fresh start.